cohdb
Replays
Latest Replays
All Replays
Popular Replays
Top Player Replays
Match Explorer
How It Works
Community
CoH3 Stats
Reddit
Sign in to upload your games and track your stats! →
Sign in with Steam
Match 41811322
Unlisted
Match 41811322
Overview
Messages
Build Orders
End
Pioneer Squad
Construct Infanterie Kompanie
MG 42 Machine Gun Team
MG 42 Machine Gun Team
Selects Terror Battlegroup
Selects Machine Gun Camouflage
MG 42 Machine Gun Team
Construct Luftwaffe Kompanie
Jäger Squad
Medical Bunker
Jäger Squad
Support Elements
Wirbelwind Flakpanzer
Wirbelwind Flakpanzer
Pioneer Squad
Jäger Squad
Selects No Quarter
Jäger Squad
Side Skirts
カルト_くん
TheGoodMoose
ko11
PlammX
0
0
Comments
sign in to comment!
No comments posted yet!